AoeStats
← 297539664

Black Forest

509387718Analyzed
4v4 RM · 5d ago on Sep 26, 2026· 47m 48s· 8 players
Game mode
Random Map
Map size
Large (8 player)
Population
200
Speed
Normal
Resources
Standard
Victory
Conquest
Starting age
Dark Age
Ending age
Imperial Age
RankedLock teamsTeams togetherTeam positionsShared explorationLock speedFull tech treeHidden civsTurbo modeCheats
Victory
Defeat
🇧🇷 Mongols · Brazil
1425
+14
🇺🇸 Japanese · United States
1423
+14
🇸🇪 Huns · Sweden
1412
+15
🇬🇧 Japanese · United Kingdom
1329
+19
🇨🇳 Malians · China
1459
-18
🇭🇰 Aztecs · Hong Kong SAR China
1387
-16
🇨🇿 Malay · Czechia
1371
-15
🇯🇵 Teutons · Japan
1328
-13
王老吉字花檔
1:02 Loom
12:09 Feudal Age
14:37 Double-Bit Axe
14:42 Gold Mining
14:53 Horse Collar
17:38 Castle Age
22:50 Imperial Age
22:44 Fervor
22:46 Bow Saw
22:53 Town Watch
23:57 Wheelbarrow
24:22 Block Printing
26:15 Illumination
26:10 Sanctity
28:02 Redemption
28:31 Wheelbarrow
29:05 Devotion
29:40 Theocracy
29:01 Herbal Medicine
30:02 Atonement
33:29 Conscription
38:05 Hand Cart
38:59 Heavy Plow
38:57 Fletching
39:34 Scale Mail Armor
39:45 Forging
42:42 Bodkin Arrow
42:47 Padded Archer Armor
45:21 Elite Skirmisher
46:38 Leather Archer Armor
hirai
12:01 Feudal Age
13:03 Double-Bit Axe
13:19 Horse Collar
15:55 Castle Age
15:09 Gold Mining
17:02 Bow Saw
17:22 Loom
19:15 Wheelbarrow
23:39 Hand Cart
23:47 Stone Mining
26:06 Stone Shaft Mining
27:46 Bloodlines
27:50 Forging
27:46 Scale Barding Armor
28:17 Town Watch
31:10 Imperial Age
29:40 Heavy Plow
30:23 Iron Casting
30:09 Chain Barding Armor
31:31 Cavalier
32:52 Plate Barding Armor
33:18 Blast Furnace
32:53 Conscription
35:02 Two-Man Saw
34:35 Crop Rotation
34:27 Paladin
35:32 Scale Mail Armor
35:23 Fletching
36:37 Chemistry
37:25 Siege Engineers
37:29 Caravan
41:50 Bombard Tower
43:45 Masonry
45:08 Hoardings
HaxorRomadur
4:17 Loom
11:39 Feudal Age
11:48 Double-Bit Axe
16:58 Castle Age
14:57 Fishing Lines
17:02 Bow Saw
23:56 Wheelbarrow
23:26 Horse Collar
26:08 Heavy Plow
26:37 Gillnets
29:42 Imperial Age
27:25 Gold Mining
27:29 Stone Mining
27:59 Husbandry
29:18 Gold Shaft Mining
29:11 Ballistics
29:10 Scale Barding Armor
29:15 Forging
28:56 Fletching
29:31 Hand Cart
29:05 Elite Battle Elephant
31:03 Chemistry
30:14 Masonry
30:52 Conscription
30:53 Siege Engineers
31:06 Town Watch
32:24 Iron Casting
31:45 Bodkin Arrow
34:13 Crop Rotation
36:58 Elite Karambit Warrior
38:23 Stone Shaft Mining
37:15 Man-at-Arms
37:55 Squires
37:41 Arson
40:01 Long Swordsman
40:47 Forced Levy
41:27 Bracer
42:28 Blast Furnace
41:13 Two-Handed Swordsman
44:20 Pikeman
297539664
0:47 Loom
13:17 Feudal Age
17:57 Castle Age
15:46 Double-Bit Axe
15:44 Horse Collar
19:14 Bow Saw
26:38 Wheelbarrow
32:10 Imperial Age
29:48 Gold Mining
30:04 Fletching
30:08 Crossbowman
31:11 Thumb Ring
32:00 Padded Archer Armor
31:56 Bodkin Arrow
33:59 Gold Shaft Mining
33:06 Elite Skirmisher
33:15 Arbalester
35:21 Ballistics
37:34 Chemistry
37:10 Leather Archer Armor
40:47 Ring Archer Armor
43:32 Hand Cart
46:15 Caravan
Hidemypond
0:48 Loom
13:01 Feudal Age
14:24 Double-Bit Axe
21:39 Castle Age
19:33 Fishing Lines
20:15 Gold Mining
23:48 Gold Shaft Mining
23:25 Bow Saw
24:58 Wheelbarrow
26:32 Forging
27:25 Scale Mail Armor
29:53 Iron Casting
29:40 Chain Mail Armor
35:15 Imperial Age
32:47 Squires
32:32 Arson
35:13 Treadmill Crane
35:30 Murder Holes
35:30 Fletching
35:40 Padded Archer Armor
35:03 Pikeman
36:04 Halberdier
38:17 Guard Tower
40:44 Keep
41:37 Bodkin Arrow
41:57 Leather Archer Armor
42:48 Chemistry
42:15 Ballistics
42:53 Bracer
43:49 Yasama
44:10 Conscription
47:10 Stone Mining
VkA | paulovmcm
10:37 Feudal Age
11:09 Double-Bit Axe
11:54 Horse Collar
14:30 Castle Age
13:48 Wheelbarrow
15:32 Bow Saw
15:34 Heavy Plow
16:59 Town Watch
21:22 Stone Mining
21:24 Gold Mining
24:46 Gold Shaft Mining
24:47 Stone Shaft Mining
25:00 Hand Cart
24:35 Loom
29:26 Imperial Age
26:42 Town Watch
27:44 Fletching
28:16 Ballistics
28:54 Bodkin Arrow
29:24 Padded Archer Armor
29:35 Masonry
29:57 Nomads
31:17 Chemistry
30:18 Bracer
30:41 Conscription
30:50 Elite Mangudai
32:30 Leather Archer Armor
32:26 Husbandry
32:37 Bloodlines
33:05 Parthian Tactics
32:45 Thumb Ring
33:25 Siege Engineers
36:11 Coinage
37:46 Banking
41:55 Drill
41:57 Capped Ram
43:14 Hoardings
43:08 Herbal Medicine
43:31 Siege Ram
44:55 Murder Holes
45:11 Fortified Wall
LowEcoLegend
1:07 Loom
12:30 Feudal Age
16:25 Castle Age
15:12 Double-Bit Axe
17:22 Fishing Lines
19:02 Bow Saw
20:31 Gillnets
22:37 Horse Collar
23:42 Town Watch
29:22 Imperial Age
28:59 Fletching
29:42 Bodkin Arrow
30:28 Bracer
30:23 Guard Tower
30:54 Ballistics
30:51 Scale Mail Armor
31:08 Pikeman
31:48 Squires
32:07 Chain Mail Armor
33:21 Plate Mail Armor
33:01 Forging
33:27 Conscription
34:44 Yasama
34:15 Halberdier
40:01 Murder Holes
41:07 Padded Archer Armor
43:36 Chemistry
EMheLP
10:54 Feudal Age
11:29 Double-Bit Axe
11:54 Fishing Lines
19:36 Castle Age
21:20 Wheelbarrow
20:40 Gillnets
21:17 Bow Saw
23:38 Hand Cart
24:46 Gold Mining
24:48 Stone Mining
25:17 Loom
25:26 Horse Collar
26:28 Heavy Plow
31:19 Imperial Age
30:27 Bloodlines
30:17 Husbandry
29:39 Light Cavalry
30:30 Scale Barding Armor
30:37 Forging
30:18 Fletching
30:20 Town Watch
31:11 Thumb Ring
31:56 Gold Shaft Mining
31:29 Padded Archer Armor
31:36 Town Patrol
31:27 Heavy Cavalry Archer
32:50 Parthian Tactics
32:31 Bodkin Arrow
32:54 Leather Archer Armor
33:02 Ballistics
33:43 Chemistry
34:41 Bracer
35:02 Chain Barding Armor
34:53 Forging
35:54 Masonry
36:32 Conscription
36:05 Hussar
39:20 Scale Mail Armor
40:03 Plate Barding Armor
40:04 Iron Casting
42:28 Caravan
42:58 Coinage
42:39 Guilds
44:29 Marauders
46:37 Banking
46:18 Guilds
Connection lost

Rejoining the realm…

Still unreachable

The connection could not be restored.

Session expired

The server has moved on; the page needs a fresh start.